 Dungeon Crawl Stone Soup version 0.28.0-43-g3370ac3207 (webtiles) character file.

Game seed: 10833288005306071216

5612 bnorton916 the Frost Mage (level 10, -8/63 HPs)
             Began as a Barachi Ice Elementalist on Mar 17, 2022.
             Was a Follower of Cheibriados.
             Mangled by a black mamba (12 damage)
             ... on level 1 of the Lair of Beasts.
             The game lasted 00:31:05 (15970 turns).

bnorton916 the Frost Mage (BaIE)                   Turns: 15970, Time: 00:31:05

Health: -8/63      AC:  9    Str: 18    XL:     10   Next: 73%
Magic:  16/19      EV: 16    Int: 22    God:    Cheibriados [*.....]
Gold:   232        SH:  0    Dex: 14    Spells: 3/22 levels left

rFire   . . .      SeeInvis .   M - +4 scimitar (freeze)
rCold   . . .      Faith    .   (no shield)
rNeg    . . .      Spirit   .   K - +0 steam dragon scales
rPois   .          Reflect  .   t - +2 helmet
rElec   .          Harm     .   (no cloak)
rCorr   .          Rampage  .   Q - +0 pair of gloves
Will    .....                   (no boots)
Stlth   ++........              (no amulet)
HPRegen 0.20/turn               j - +6 ring of strength
MPRegen 0.16/turn               k - +4 ring of evasion

@: lethally poisoned (-8 -> -81), freezing walls, very slow
A: amphibious, slowness 1, strong legs 1, +LOS
a: Hop, Renounce Religion, Bend Time


You were on level 1 of the Lair of Beasts.
You worshipped Cheibriados.
Cheibriados was aware of your devotion.
You visited 3 branches of the dungeon, and saw 10 of its levels.

You collected 298 gold pieces.
You spent 66 gold pieces at shops.

Inventory:

Hand Weapons
 a - a +3 short sword
 b - a +3 whip
 c - a +2 dagger of holy wrath
 q - a +1 vorpal flail
 G - a +1 short sword of distortion
 H - a +0 short sword of venom
 M - a +4 scimitar of freezing (weapon)
Missiles
 f - 8 poisoned darts
 g - 3 javelins (quivered)
 h - 194 stones
Armour
 t - a +2 helmet (worn)
 K - +0 steam dragon scales (worn)
 N - a +0 pair of gloves
 Q - a +0 pair of gloves (worn)
 R - quicksilver dragon scales
Magical Staves
 i - a staff of death
Jewellery
 j - a +6 ring of strength (left hand)
 k - a +4 ring of evasion (right hand)
Wands
 v - a wand of digging (3)
 L - a wand of iceblast (5)
Scrolls
 e - 5 scrolls of teleportation
 l - a scroll of noise
 m - a scroll of immolation {unknown}
 o - a scroll of summoning {unknown}
 r - 3 scrolls of fog
 s - 2 scrolls of magic mapping
 x - 3 scrolls of amnesia
 y - 2 scrolls of enchant weapon {unknown}
 C - 2 scrolls of blinking
 I - a scroll of fear {unknown}
 O - a scroll of brand weapon {unknown}
Potions
 d - 2 potions of mutation
 n - 3 potions of lignification
 p - 2 potions of berserk rage
 u - 2 potions of haste {unknown}
 w - a potion of brilliance {unknown}
 z - a potion of attraction {unknown}
 A - a potion of ambrosia {unknown}
 B - a potion of invisibility {unknown}
 D - 4 potions of curing
 E - a potion of flight {unknown}
 F - 2 potions of might
 J - a potion of magic {unknown}


   Skills:
 + Level 0.0 Armour
 + Level 2.1 Dodging
 - Level 1.7 Stealth
 - Level 6.6 Spellcasting
 - Level 8.6 Conjurations
 - Level 5.0 Translocations
 - Level 4.6 Fire Magic
 - Level 12.9 Ice Magic


You had 3 spell levels left.
You knew the following spells:

 Your Spells              Type           Power      Damage    Failure   Level
a - Freeze                Ice            100%       1d11      1%          1
b - Frozen Ramparts       Ice            100%       1d12      1%          3
c - Ozocubu's Armour      Ice            59%        N/A       1%          3
d - Hailstorm             Conj/Ice       53%        3d12      1%          4
e - Iskenderun's Mystic   Conj/Tloc      37%        2d9       5%          4
f - Flame Wave            Conj/Fire      36%        2d9       5%          4

Your spell library contained the following spells:

 Spells                   Type           Power      Damage    Failure   Level
 Apportation              Tloc           58%        N/A       1%          1
 Foxfire                  Conj/Fire      100%       2x1d9     1%          1
 Magic Dart               Conj           100%       1d8       1%          1
 Ensorcelled Hibernation  Hex/Ice        70%        N/A       1%          2
 Conjure Flame            Conj/Fire      36%        6-21      1%          3
 Static Discharge         Conj/Air       26%        N/A       2%          2
 Mephitic Cloud           Conj/Pois/Air  19%        N/A       8%          3
 Slow                     Hex            28%        N/A       9%          1
 Inner Flame              Hex/Fire       17%        N/A       10%         3
 Portal Projectile        Hex/Tloc       36%        N/A       10%         3
 Call Imp                 Summ           7%         N/A       13%         2
 Ignite Poison            Fire/Tmut/Pois 14%        N/A       14%         3
 Confusing Touch          Hex            7%         N/A       26%         3
 Vampiric Draining        Necr           7%         2d6       26%         3
 Sticky Flame             Conj/Fire      36%        2d6       5%          4
 Freezing Cloud           Conj/Ice/Air   19%        6-21      12%         5
 Ozocubu's Refrigeration  Ice            29%        4d10      34%         7
 Dispel Undead            Necr           7%         3d8       65%         4


Dungeon Overview and Level Annotations

Branches:
Dungeon (8/15)             Temple (1/1) D:5            Lair (1/6) D:8

Altars:
Ashenzari
Cheibriados
Dithmenos
Elyvilon
Fedhas
Hepliaklqana
Kikubaaqudgha
Makhleb
Qazlal
Sif Muna
Trog
Uskayaw
Vehumet
Wu Jian
Zin
The Shining One

Shops:
D:1 ?

Annotations:
D:5 1 transporter, bnorton916's ghost, novice BaIE


Innate Abilities, Weirdness & Mutations

You are amphibious.
You cover ground slowly.
You can hop short distances.
You have an extended range of vision and can be seen from far away.


Message History

Where to? (Enter - D:8, ? - help)
What level of the Lair of Beasts? (default 1, ? - help)
There is a staircase to the Lair here.
You climb downwards.
Welcome to the Lair of Beasts!
Found a stone staircase leading down.
There is a staircase back to the Dungeon here.
Found 8 gold pieces.
Found 2 poisoned darts.
You now have 232 gold pieces (gained 8).
Found a scroll labelled XIOBBASTRAX.
y - 2 scrolls labelled XIOBBASTRAX (gained 1)
As you read the scroll of identify, it crumbles to dust.
s - 2 scrolls of magic mapping
Found a stone staircase leading down.
Found 15 arrows.
A black mamba comes into view.
The black mamba hisses angrily.
The black mamba bites you!
You are poisoned.
The black mamba poisons you! The black mamba bites you!
You are lethally poisoned!
The black mamba poisons you! The black mamba closely misses you.
You feel extremely sick. The black mamba bites you!
You are more poisoned.
The black mamba poisons you! The black mamba bites you.
* * * LOW HITPOINT WARNING * * *
Casting: Flame Wave (dangerous; 5% risk of failure)
Confirm with . or Enter, or press ? or * to list all spells.
Casting: Frozen Ramparts (safe; 1% risk of failure)
Press: ? - help, Dir - look around, f - activate The walls around you are covered in ice.
* * * LOW HITPOINT WARNING * * *
You feel extremely sick.
The wall freezes the black mamba.
The black mamba bites you!
* * * LOW HITPOINT WARNING * * *
You are more poisoned.
The black mamba poisons you!
The wall freezes the black mamba.
The black mamba seems to slow down.
The black mamba bites you!
You die...

#...... ....... #.....
....... #..... .......
#....# #P###.. #....#
#.. #....# #.. #...(##
#.. ##...S.# #..
#....@## #.. ##....##
#.. #.>...# ### #..
##....#######.######..
#.....................
##.....########.......
#.....# #........
#.....# ##.......
#.....# #........


You could see a black mamba (slow).

Vanquished Creatures
  A two-headed ogre (D:8)
  Pikel (D:6)
  An unseen horror (D:7)
  Maggie (D:6)
  A hornet (D:6)
  Grinder (D:4)
  Prince Ribbit (D:6)
  A wyvern (D:5)
  2 wargs (D:7)
  A water moccasin (D:6)
  2 orc warriors
  A black bear (D:7)
  A sky beast (D:5)
  An ogre (D:7)
  2 centaurs
  2 lemures (D:6)
  A phantom (D:7)
  A kobold brigand (D:7)
  5 scorpions
  A water moccasin skeleton (D:4)
  3 jellies
  6 killer bees (D:5)
  8 wights
  6 howler monkeys
  A bullfrog zombie (D:5)
  2 hounds
  6 orc priests
  2 gnoll shamans (D:7)
  A centaur skeleton (D:7)
  2 iguanas
  7 orc wizards
  A killer bee zombie (D:8)
  A hound zombie (D:5)
  7 adders
  8 gnolls (D:7)
  A white imp (D:5)
  3 worms
  A dart slug (D:2)
  22 orcs
  9 ball pythons
  11 endoplasms
  3 giant cockroaches
  3 hobgoblins
  8 jackals
  6 quokkas
  10 bats
  4 frilled lizards
  4 goblins
  A goblin skeleton (D:5)
  A hobgoblin zombie (D:5)
  15 kobolds
  4 kobold skeletons (D:5)
  A kobold zombie (D:5)
  2 orc skeletons (D:5)
  3 orc zombies (D:5)
  8 rats
209 creatures vanquished.

Vanquished Creatures (others)
  6 plants (D:5)
6 creatures vanquished.

Grand Total: 215 creatures vanquished

Notes
Turn   | Place    | Note
-------+----------+-------------------------------------------
     0 | D:1      | bnorton916 the Barachi Ice Elementalist began the quest for
                  | the Orb.
     0 | D:1      | Reached XP level 1. HP: 13/13 MP: 3/3
   302 | D:1      | Reached skill level 5 in Ice Magic
   439 | D:1      | Found Seborol's Magic Scroll Shoppe.
   616 | D:1      | Reached XP level 2. HP: 19/19 MP: 2/5
  1493 | D:1      | Reached XP level 3. HP: 24/24 MP: 5/7
  1505 | D:1      | Learned a level 3 spell: Frozen Ramparts
  1509 | D:1      | Learned a level 3 spell: Ozocubu's Armour
  3134 | D:2      | Reached XP level 4. HP: 30/30 MP: 6/9
  3526 | D:2      | Reached skill level 6 in Ice Magic
  3629 | D:2      | Found a faded altar of an unknown god.
  3879 | D:1      | Bought a scroll of identify for 22 gold pieces
  3879 | D:1      | Bought a scroll of noise for 11 gold pieces
  3879 | D:1      | Bought a scroll of teleportation for 33 gold pieces
  3879 | D:1      | Identified a scroll of acquirement
  3882 | D:1      | Acquired the Tome of the Spatial Glacier
  4234 | D:3      | Reached XP level 5. HP: 35/35 MP: 4/11
  5504 | D:4      | Reached XP level 6. HP: 36/41 MP: 8/12
  5661 | D:4      | Reached skill level 7 in Ice Magic
  6068 | D:4      | Noticed Grinder
  6089 | D:4      | Killed Grinder
  6090 | D:4      | Reached skill level 5 in Spellcasting
  6090 | D:4      | Reached XP level 7. HP: 23/46 MP: 9/15
  6599 | D:5      | Entered Level 5 of the Dungeon
  6656 | D:5      | Reached skill level 8 in Ice Magic
  7124 | D:5      | Noticed a wyvern
  7131 | D:5      | Killed a wyvern
  7483 | D:5      | Found a glowing golden altar of the Shining One.
  7775 | D:5      | Reached XP level 8. HP: 48/52 MP: 13/17
  7828 | D:5      | Found a white marble altar of Elyvilon.
  7835 | D:5      | Learned a level 4 spell: Hailstorm
  7909 | D:5      | Reached skill level 1 in Conjurations
  7909 | D:5      | Reached skill level 9 in Ice Magic
  8404 | D:5      | Reached skill level 10 in Ice Magic
  8421 | D:5      | Found a transporter.
  8584 | D:5      | Learned a level 4 spell: Iskenderun's Mystic Blast
  8820 | D:5      | Found a staircase to the Ecumenical Temple.
  8831 | Temple   | Entered the Ecumenical Temple
  8948 | D:5      | Identified the ring "Ycuuzuf" {Ice Str+4}
  8956 | D:5      | Noticed bnorton916's ghost (novice BaIE)
  9011 | D:5      | Identified the -1 buckler "Figh" {+Blink Fly rC- Int-3}
  9100 | D:6      | Reached skill level 1 in Translocations
  9448 | D:6      | Noticed Prince Ribbit
  9462 | D:6      | Reached XP level 9. HP: 56/57 MP: 12/18
  9587 | D:6      | Noticed Maggie
  9595 | D:6      | Killed Prince Ribbit
  9596 | D:6      | Reached skill level 5 in Conjurations
  9598 | D:6      | Killed Maggie
  9689 | D:6      | Noticed a hornet
  9694 | D:6      | Killed a hornet
  9695 | D:6      | Reached skill level 11 in Ice Magic
  9993 | D:6      | Noticed Pikel
 10009 | D:6      | Killed Pikel
 10013 | D:6      | You fall into a shaft and drop 1 floor!
 10163 | D:6      | Reached skill level 5 in Translocations
 10952 | D:6      | Found a radiant altar of Vehumet.
 11138 | D:7      | Reached XP level 10. HP: 61/63 MP: 14/19
 11215 | D:7      | Learned a level 4 spell: Flame Wave
 11311 | D:7      | Reached skill level 1 in Fire Magic
 11311 | D:7      | Reached skill level 12 in Ice Magic
 11503 | D:7      | Found an ornate altar of the Wu Jian Council.
 11714 | D:7      | Found a snail-covered altar of Cheibriados.
 11719 | D:7      | Became a worshipper of Cheibriados the Contemplative
 12502 | D:7      | Found a shadowy altar of Dithmenos.
 13101 | D:7      | Killed an unseen horror
 14529 | D:7      | Reached * piety under Cheibriados
 15179 | D:8      | Noticed a two-headed ogre
 15192 | D:8      | Killed a two-headed ogre
 15765 | D:8      | Found a staircase to the Lair.
 15906 | Lair:1   | Entered Level 1 of the Lair of Beasts
 15966 | Lair:1   | Noticed a black mamba
 15970 | Lair:1   | Mangled by a black mamba

Illustrated notes

Levels and vault maps discovered:
D:1:      wander_arrival_lonely_grave, layout_basic, serial_shops, shop
D:2:      layout_basic, basic_ecumenical_altar, minmay_unequal
D:3:      layout_loops_ring
D:4:      layout_basic, dk_noncrumbling_3, minmay_hedge_maze,
          chequers_serial_rivers_micro_b, uniq_grinder
D:5:      layout_basic, nicolae_tso_besieged_by_evil, elyvilon_altar_3,
          temple_hall, gammafunk_ghost_gnarly_gnolls
D:6:      layout_loops_cross, nicolae_vehumet_altar_sigil, uniq_maggie,
          uniq_pikel, uniq_prince_ribbit1
D:7:      layout_basic, nicolae_wu_jian_wuxing_cycle, grunt_dithmenos_shadows,
          general_overflow_altar
D:8:      layout_rooms, erik_lair_orcish_takeover, minmay_misc_feat_doors
Temple:   eino_wide_crystal_templ
Lair:1:   layout_chaotic_city, uniq_fannar

Skill      XL: |  1  2  3  4  5  6  7  8  9 10 |
---------------+-------------------------------+-----
Ice Magic      | 5 6 7 8 10 11 12 | 12.9
Spellcasting   | 3 4 5 6 |  6.6
Conjurations   | 4 7 8 |  8.6
Translocations | 2 5 |  5.0
Fire Magic     | 4 |  4.6
Dodging        | |  2.1
Stealth        | |  1.7

Action                   |  1- 3 |  4- 6 |  7- 9 | 10-12 || total
-------------------------+-------+-------+-------+-------++-------
Melee: Unarmed           |     5 |       |       |       ||     5
       Whip              |    20 |    40 |     1 |       ||    61
       Dagger            |       |    16 |   113 |    70 ||   199
       Flail             |       |       |     8 |       ||     8
       Punch             |       |       |     2 |     1 ||     3
       Short sword       |       |       |     4 |       ||     4
       Scimitar          |       |       |       |     2 ||     2
Throw: Dart              |    12 |     8 |     4 |    18 ||    42
       Stone             |     1 |     1 |       |       ||     2
       Javelin           |       |       |       |     3 ||     3
 Cast: Freeze            |    50 |    14 |     3 |     3 ||    70
       Frozen Ramparts   |     1 |    21 |    31 |    18 ||    71
       Ozocubu's Armour  |       |     4 |    24 |    11 ||    39
       Flame Wave        |       |       |       |     5 ||     5
       Iskenderun's Myst |       |       |       |     4 ||     4
       Hailstorm         |       |       |       |     1 ||     1
 Abil: Hop               |     1 |       |     1 |     3 ||     5
Evoke: Wand              |       |     2 |     7 |     2 ||    11
  Use: Scroll            |       |     5 |     3 |     5 ||    13
       Potion            |       |       |       |     1 ||     1
Armor: Robe              |    15 |    17 |    25 |       ||    57
       Steam dragon scal |       |       |    15 |    58 ||    73
Dodge: Dodged            |    39 |    62 |    99 |    99 ||   299
